 Dungeon Crawl Stone Soup version 0.26-a0-812-g31a745ddcd (webtiles) character file.

Game seed: 14928688599661490274

657 kae the Chopper (level 7, -11/61 HPs)
             Began as a Hill Orc Fighter on Dec 9, 2020.
             Mangled by a two-headed ogre
             ... wielding a +0 giant club
              (28 damage)
             ... on level 5 of the Dungeon.
             The game lasted 00:02:22 (3990 turns).

kae the Chopper (Hill Orc Fighter)                  Turns: 3990, Time: 00:02:23

Health: -11/61     AC:  8    Str: 21    XL:     7   Next: 55%
Magic:  7/7        EV: 12    Int:  8    God:
Gold:   133        SH:  9    Dex: 10    Spells: 6/6 levels left

rFire    . . .     SeeInvis .   a - +1 war axe
rCold    . . .     Faith    .   c - +0 kite shield
rNeg     . . .     Spirit   .   b - +1 scale mail
rPois    .         Reflect  .   (no helmet)
rElec    .         Harm     .   (no cloak)
rCorr    .         Rampage  .   (no gloves)
MR       .....                  (no boots)
Stlth    +.........             (no amulet)
HPRegen  0.20/turn              o - +4 ring of evasion
MPRegen  0.10/turn              p - ring of stealth

@: no status effects
A: no striking features
a: no special abilities


You were on level 5 of the Dungeon.
You visited 1 branch of the dungeon, and saw 5 of its levels.

You collected 224 gold pieces.
You spent 91 gold pieces at shops.

Inventory:

Hand Weapons
 a - a +1 war axe (weapon)
Armour
 b - a +1 scale mail (worn)
 c - a +0 kite shield (worn)
Jewellery
 i - an uncursed amulet of guardian spirit {unknown}
 o - a +4 ring of evasion (left hand)
 p - a ring of stealth (right hand)
Scrolls
 e - 2 scrolls of identify
 j - 2 scrolls of teleportation
 l - a scroll of enchant weapon
 m - a scroll of fear
 n - a scroll of fog
 q - a scroll of noise {unknown}
Potions
 d - 2 potions of might
 f - a potion of heal wounds
 g - 4 potions of curing
 h - 2 potions of flight
 k - a potion of resistance {unknown}
 r - a potion of ambrosia
 s - a potion of degeneration
 t - a potion of lignification


   Skills:
 + Level 5.5 Fighting
 * Level 7.1 Axes
 + Level 5.1 Armour
 + Level 2.6 Dodging
 - Level 3.2 Shields


You had 6 spell levels left.
You didn't know any spells.
Your spell library contained the following spells:

 Spells                   Type           Power        Failure   Level
 Animate Skeleton         Necr           #.....       99%         1
 Apportation              Tloc           #.....       99%         1
 Corona                   Hex            #......      99%         1
 Summon Small Mammal      Summ           #...         99%         1


Dungeon Overview and Level Annotations

Branches:
Dungeon (5/15)
 Temple: D:4-7

Altars:
Elyvilon
Fedhas
Xom
Beogh

Shops:
D:4 !

Annotations:
D:3 3 runed translucent doors, Borgoz's ghost, amateur GrGl
D:5 1 runed translucent door, Dracia's ghost, amateur DECj


Message History

You slash the two-headed ogre!
The two-headed ogre is severely wounded.
The two-headed ogre hits you with a +0 giant club!!
* * * LOW HITPOINT WARNING * * *
The two-headed ogre closely misses you.
You are too injured to fight recklessly!
You are too injured to fight recklessly!
Your scale mail prevents you from hitting the two-headed ogre.
The two-headed ogre is severely wounded.
The two-headed ogre barely misses you. You block the two-headed ogre's attack.
You slash the two-headed ogre!
The two-headed ogre is almost dead.
The two-headed ogre closely misses you. The two-headed ogre barely misses you.
You hit the two-headed ogre but do no damage.
The two-headed ogre is almost dead.
You block the two-headed ogre's attack. The two-headed ogre closely misses you.
You hit the two-headed ogre but do no damage.
The two-headed ogre is almost dead.
The two-headed ogre hits you with a +0 giant club!!
You die...

#.#...#.##.
#.###.#.##. #.#
#.#.##. #.#
#.#.... #.#
#.###..
#########.# #.#
#.. #.........#
#.# #..
##.######## #.. ..
#@# #. #O# #. #.#
#. #.# #. #.# #.
#.# ########## #.
#.###........####.
#............'....
#........#####


You could see a two-headed ogre.

Vanquished Creatures
  A phantom (D:5)
  A bullfrog (D:5)
  A bullfrog skeleton (D:5)
  2 hounds
  A jelly (D:5)
  An iguana (D:5)
  Terence (D:3)
  2 worker ants
  3 orc wizards
  4 adders
  A shadow imp (D:5)
  An adder zombie (D:5)
  An adder skeleton (D:4)
  5 worms
  3 dart slugs
  3 leopard geckos
  15 orcs
  9 giant cockroaches
  8 goblins
  5 hobgoblins
  14 jackals
  4 quokkas
  A ball python (D:3)
  8 bats
  6 frilled lizards
  8 kobolds
  9 rats
118 creatures vanquished.

Notes
Turn   | Place    | Note
-------+----------+-------------------------------------------
     0 | D:1      | kae the Hill Orc Fighter began the quest for the Orb.
     0 | D:1      | Reached XP level 1. HP: 19/19 MP: 1/1
    39 | D:1      | Reached skill level 3 in Axes
    87 | D:1      | Reached XP level 2. HP: 13/27 MP: 2/2
   685 | D:1      | Reached XP level 3. HP: 30/33 MP: 3/3
  1141 | D:2      | Reached skill level 4 in Axes
  1141 | D:2      | Reached skill level 1 in Dodging
  1165 | D:2      | Reached XP level 4. HP: 38/40 MP: 4/4
  1799 | D:3      | Found a runed translucent gate.
  1808 | D:3      | Noticed Borgoz's ghost (amateur GrGl)
  1808 | D:3      | Identified the +10 mace of Iriph {speed, Fragile Int+4}
  1809 | D:3      | Found a runed translucent gate.
  1809 | D:3      | Found a runed translucent gate.
  1817 | D:3      | Found a roughly hewn altar of Beogh.
  1919 | D:3      | Reached XP level 5. HP: 47/47 MP: 5/5
  1995 | D:3      | Noticed Terence
  2001 | D:3      | Killed Terence
  2111 | D:3      | Reached skill level 5 in Axes
  2603 | D:4      | Found a shimmering altar of Xom.
  2652 | D:4      | Reached XP level 6. HP: 44/53 MP: 6/6
  2734 | D:4      | Found a white marble altar of Elyvilon.
  2912 | D:4      | Found a blossoming altar of Fedhas.
  3031 | D:4      | Found Toaduman's Distillery.
  3040 | D:4      | Bought a potion of degeneration for 13 gold pieces
  3040 | D:4      | Bought a potion of curing for 39 gold pieces
  3040 | D:4      | Bought a potion of lignification for 39 gold pieces
  3262 | D:5      | Entered Level 5 of the Dungeon
  3461 | D:5      | Reached skill level 5 in Fighting
  3461 | D:5      | Reached skill level 6 in Axes
  3476 | D:5      | Noticed a phantom
  3502 | D:5      | Killed a phantom
  3502 | D:5      | Reached XP level 7. HP: 27/61 MP: 7/7
  3633 | D:5      | Found a runed translucent door.
  3633 | D:5      | Noticed Dracia's ghost (amateur DECj)
  3852 | D:5      | Reached skill level 5 in Armour
  3886 | D:5      | Reached skill level 7 in Axes
  3978 | D:5      | Noticed a two-headed ogre
  3990 | D:5      | Mangled by a two-headed ogre

Illustrated notes

Levels and vault maps discovered:
D:1:      dpeg_arrival_prison, layout_loops_corners
D:2:      layout_basic
D:3:      layout_loops_ring, biasface_ghost_orc_armoury, uniq_terence
D:4:      layout_cave_pools, lemuel_round_altar, old_standard_altar,
          elyvilon_altar_5, serial_shops, shop, st_stairs_4
D:5:      layout_basic, ebering_ghost_sewer_d, gup_sewer_entry_bowl,
          corexii_checkpoint_a

Skill      XL: |  1  2  3  4  5  6  7 |
---------------+----------------------+-----
Axes           | 3 4 5 6 7 |  7.1
Fighting       | 4 5 |  5.5
Dodging        | 1 2 |  2.6
Armour         | 4 5 |  5.1
Shields        | |  3.2

Action                   |  1- 3 |  4- 6 |  7- 9 || total
-------------------------+-------+-------+-------++-------
Melee: War axe           |    94 |   213 |    42 ||   349
  Use: Potion            |       |     1 |     1 ||     2
       Scroll            |       |     9 |       ||     9
Armor: Scale mail        |    48 |    71 |     1 ||   120
Dodge: Dodged            |    14 |    55 |    21 ||    90
Block: Kite shield       |    40 |    96 |    20 ||   156

Table legend: (Time is in decaauts)
 A = Elapsed time spent in this place.
 B = Non-inter-level travel time spent in this place.
 C = Inter-level travel time spent in this place.
 D = Time resting spent in this place.
 E = Time spent auto-exploring this place.
 F = Levels seen in this place.
 G = Mean time per level.
                   A        B        C        D        E       F      G
               +--------+--------+--------+--------+--------+-----+--------+
         Total |   4108 |   3953 |    155 |      0 |   3193 |   5 |  821.6 |
       Dungeon |   4108 |   3953 |    155 |      0 |   3193 |   5 |  821.6 |
               +--------+--------+--------+--------+--------+-----+--------+

Top non-repeatable levels by time:
     D:1: 1060 daAuts
     D:3: 992 daAuts
     D:5: 746 daAuts
     D:4: 725 daAuts
     D:2: 583 daAuts
